 Dungeon Crawl Stone Soup version 0.20.0 (webtiles) character file.

9783 Eucla the Black Belt (level 11, -2/76 HPs)
             Began as an Octopode Monk on May 31, 2017.
             Was a Priest of Nemelex Xobeh.
             Slain by a centaur (3 damage)
             ... on level 10 of the Dungeon.
             The game lasted 00:23:43 (13777 turns).

Eucla the Black Belt (Octopode Monk)               Turns: 13777, Time: 00:23:43

Health: -2/76      AC:  6    Str: 14    XL:     11   Next: 51%
Magic:  15/15      EV: 14    Int: 13    God:    Nemelex Xobeh [***...]
Gold:   355        SH:  0    Dex: 14    Spells: 10/10 levels left

rFire    . . .     SeeInvis .     - Unarmed
rCold    . . .     Gourm    .   (no shield)
rNeg     . . .     Faith    .   (helmet restricted)
rPois    .         Spirit   .   l - amulet of rage
rElec    .         Reflect  .   (no ring)
rCorr    .         Harm     .   (no ring)
MR       .....                  (no ring)
Stlth    +++.......             (no ring)
Regen    0.3/turn               (no ring)
MPRegen  0.2/turn               (no ring)
                                (no ring)
                                (no ring)

@: no status effects
A: almost no armour, stealthy swim, amphibious, 8 rings, constrict 8, icy blue
scales 1, rugged brown scales 1, yellow scales 1, camouflage 1, gelatinous body
1
a: Triple Draw, Renounce Religion, Evoke Berserk Rage


You were on level 10 of the Dungeon.
You worshipped Nemelex Xobeh.
Nemelex Xobeh was most pleased with you.
You were not hungry.

You visited 2 branches of the dungeon, and saw 11 of its levels.

You collected 550 gold pieces.
You spent 195 gold pieces at shops.

Inventory:

Hand Weapons
 s - a +1 hunting sling
Missiles
 b - 2 throwing nets (quivered)
 h - 59 sling bullets
 i - 295 stones
 o - 47 poisoned needles
 y - an exploding tomahawk
Jewellery
 j - a +3 amulet of reflection
 l - an amulet of rage (around mantle)
 x - an uncursed ring of fire
 G - an uncursed ring of protection from fire
 K - a +3 ring of intelligence {unknown}
Wands
 w - a wand of confusion (28/48)
 H - a wand of paralysis (10/24)
 J - a wand of scattershot (5/9)
Scrolls
 d - 2 scrolls of teleportation
 e - a scroll of amnesia
 p - 3 scrolls of enchant weapon
 v - 2 scrolls of blinking
 F - a scroll of remove curse
Potions
 c - 2 potions of agility
 f - a potion of flight
 k - 2 potions of ambrosia {unknown}
 m - 3 potions of curing
 n - 2 potions of might
 q - 2 potions of degeneration
 r - a potion of experience {unknown}
 D - 2 potions of brilliance
Books
 E - a book of Debilitation

   Spells                             Type                      Level
   a - Corona                         Hexes                        1
   b - Slow                           Hexes                        2
   c - Inner Flame                    Hexes/Fire                   3
   d - Portal Projectile              Hexes/Translocation          3
   e - Cause Fear                     Hexes                        4
   f - Leda's Liquefaction            Hexes/Earth                  4
Miscellaneous
 g - a legendary deck of destruction
 t - a legendary deck of summoning {drawn: 6}
 u - a plain deck of destruction
 z - an ornate deck of summoning
 B - a plain deck of escape
 C - a plain deck of summoning
 I - a plain deck of summoning
Comestibles
 a - 3 bread rations
 L - 8 royal jellies


   Skills:
 + Level 6.8 Fighting
 - Level 3.0 Dodging
 - Level 2.6 Stealth
 * Level 15.1 Unarmed Combat
 + Level 6.0 Invocations


You had 10 spell levels left.
You didn't know any spells.

Dungeon Overview and Level Annotations

Branches:
Dungeon (10/15)            Temple (1/1) D:7
   Lair: D:8-11         Orc: D:9-12

Altars:
Ashenzari
Cheibriados
Dithmenos
Elyvilon
Fedhas
Gozag
Hepliaklqana
Kikubaaqudgha
Makhleb
Nemelex Xobeh
Okawaru
Qazlal
Ru
Sif Muna
Trog
Uskayaw
Vehumet
Xom
Yredelemnul
Zin
The Shining One

Shops:
D:4 %!?}

Annotations:
D:8 Maurice


Innate Abilities, Weirdness & Mutations

You cannot wear most types of armour.
You are very stealthy in the water. (Stealth+)
You are amphibious.
You can wear up to eight rings at the same time.
You can use your tentacles to constrict eight enemies at once.
Your skin changes colour to match your surroundings (Stealth+).
Your rubbery body absorbs attacks. (AC +1, EV +1)
You are partially covered in icy blue scales. (AC +2)
You are partially covered in rugged brown scales. (AC +1, +3% HP)
You are partially covered in yellow scales. (AC +2)


Message History

Unknown command.
You barely miss the centaur. The centaur completely misses you.
You tentacle-slap the centaur but do no damage.
Your tentacle-slap misses the centaur.
You squeeze the centaur.
The centaur is lightly wounded.
The centaur zaps a wand.
The bolt of lightning misses you.
You bludgeon the centaur! Your squeeze misses the centaur.
The centaur is severely wounded.
The centaur hits you.
* * * LOW HITPOINT WARNING * * *
You tentacle-slap the centaur. You squeeze the centaur.
The centaur is almost dead.
The centaur zaps a wand.
The bolt of lightning hits you!
* * * LOW HITPOINT WARNING * * *
Unknown command.
You feel better.
The centaur zaps a wand.
The bolt of lightning hits you!
* * * LOW HITPOINT WARNING * * *
The centaur hits you.
You die...
Your body glows with a rainbow of weird colours and disappears.

#. ..... .##.......##
#.###...# #.###...#
#.......######.#
#.#.#
#............###y#.##
#..†.#### ...#..y#.#.
#...###.###..#†###.#.
#..#.#.#†#...#.# #.
#.###.#.#%##.#.###.#.
#.#.@#.#%#.#......>#.
#.###c#.#.##...#####.
# #.#%#.###.#.......
..#.#%#.#..#######.
...###.####..# ##
#.....##.#....#
#.............# ##
####.####### ..


You could see a centaur.

Vanquished Creatures
  4 two-headed ogres
  Psyche (D:9)
  A queen bee (D:10)
  Prince Ribbit (D:8)
  A wyvern (D:8)
  Sigmund (D:3)
  Eustachio (D:4)
  A hungry ghost (D:8)
  Edmund (D:5)
  2 orc warriors
  A phantom (D:8)
  5 sky beasts
  2 ice beasts
  2 black bears
  9 ogres
  4 centaurs
  A gnoll sergeant (D:8)
  4 bullfrogs
  5 scorpions
  A water moccasin skeleton (D:5)
  24 killer bees
  8 wights
  2 howler monkeys
  A crimson imp (D:9)
  A bullfrog zombie (D:5)
  A centaur zombie (D:9)
  2 hounds
  6 orc priests
  A bullfrog skeleton (D:5)
  3 jellies
  4 iguanas
  5 orc wizards
  13 worker ants
  A hound zombie (D:9)
  2 hound skeletons
  A worker ant zombie (D:8)
  8 adders
  7 gnolls
  2 shadow imps
  An ooze (D:3)
  8 worms
  2 dart slugs
  6 leopard geckos
  35 orcs
  8 bats
  9 giant cockroaches
  6 hobgoblins
  2 quokkas
  3 ball pythons
  7 frilled lizards
  6 goblins
  5 kobolds
  A quokka skeleton (D:5)
  9 rats
248 creatures vanquished.

Vanquished Creatures (collateral kills)
  A queen bee (D:9)
  An eye of draining (D:10)
  16 killer bees
18 creatures vanquished.

Vanquished Creatures (others)
  7 plants (D:10)
7 creatures vanquished.

Grand Total: 273 creatures vanquished

Notes
Turn   | Place    | Note
-------+----------+-------------------------------------------
     0 | D:1      | Eucla the Octopode Monk began the quest for the Orb.
     0 | D:1      | Reached XP level 1. HP: 16/16 MP: 1/1
   230 | D:1      | Reached XP level 2. HP: 21/21 MP: 2/2
   922 | D:2      | Reached skill level 4 in Unarmed Combat
   934 | D:2      | Reached XP level 3. HP: 26/26 MP: 3/3
  1176 | D:2      | Reached XP level 4. HP: 6/31 MP: 4/4
  1414 | D:1      | Reached skill level 5 in Unarmed Combat
  2128 | D:3      | Reached XP level 5. HP: 30/36 MP: 5/5
  2425 | D:3      | Reached skill level 6 in Unarmed Combat
  3084 | D:3      | Noticed Sigmund
  3091 | D:3      | Killed Sigmund
  3091 | D:3      | Reached skill level 7 in Unarmed Combat
  3091 | D:3      | Reached XP level 6. HP: 30/42 MP: 6/6
  3286 | D:4      | Found Lutorr's Food Shoppe.
  3452 | D:4      | Reached XP level 7. HP: 26/46 MP: 7/7
  3628 | D:4      | Found a snail-covered altar of Cheibriados.
  3677 | D:4      | Reached skill level 8 in Unarmed Combat
  4323 | D:4      | Found Jonej's Distillery.
  4330 | D:4      | Bought a potion of berserk rage for 65 gold pieces
  4330 | D:4      | Bought a potion of curing for 39 gold pieces
  4330 | D:4      | Bought a potion of lignification for 39 gold pieces
  4330 | D:4      | Bought a potion of degeneration for 13 gold pieces
  4330 | D:4      | Bought a potion of curing for 39 gold pieces
  4591 | D:4      | You fall through a shaft!
  4591 | D:5      | Entered Level 5 of the Dungeon
  4610 | D:5      | Reached skill level 9 in Unarmed Combat
  4617 | D:5      | Reached XP level 8. HP: 52/52 MP: 8/8
  5045 | D:4      | Found Tosereysh's Gadget Boutique.
  5054 | D:4      | Found Datz's Magic Scroll Emporium.
  5124 | D:4      | Noticed Eustachio
  5132 | D:4      | Killed Eustachio
  5132 | D:4      | Reached skill level 10 in Unarmed Combat
  5453 | D:5      | Noticed Edmund
  5577 | D:5      | Killed Edmund
  5577 | D:5      | Reached skill level 11 in Unarmed Combat
  5717 | D:5      | Reached XP level 9. HP: 18/56 MP: 9/9
  5962 | D:5      | Gained mutation: You are weak. (Str -2) [mutagenic meat]
  5963 | D:5      | Gained mutation: Your magical capacity is low. (-10% MP) [mutagenic meat]
  5964 | D:5      | Gained mutation: You are partially covered in icy blue scales. (AC +2) [mutagenic meat]
  5965 | D:5      | Gained mutation: You are partially covered in rugged brown scales. (AC +1, +3% HP) [mutagenic meat]
  5967 | D:5      | Gained mutation: You are partially covered in yellow scales. (AC +2) [mutagenic meat]
  5968 | D:5      | Lost mutation: You are weak. (Str -2) [mutagenic meat]
  5969 | D:5      | Lost mutation: Your magical capacity is low. (-10% MP) [mutagenic meat]
  6587 | D:5      | Found a sacrificial altar of Ru.
  6589 | D:5      | Found a blossoming altar of Fedhas.
  6589 | D:5      | Found a shadowy altar of Dithmenos.
  6598 | D:5      | Found a burning altar of Makhleb.
  6859 | D:5      | Reached skill level 12 in Unarmed Combat
  8033 | D:7      | Reached skill level 13 in Unarmed Combat
  8241 | D:7      | Found a staircase to the Ecumenical Temple.
  8247 | D:7      | You fall through a shaft!
  8334 | Temple   | Entered the Ecumenical Temple
  8585 | Temple   | Became a worshipper of Nemelex Xobeh the Trickster
  8585 | Temple   | Received a gift from Nemelex Xobeh
  8585 | Temple   | Received a gift from Nemelex Xobeh
  8585 | Temple   | Reached * piety under Nemelex Xobeh
  8585 | Temple   | Received a gift from Nemelex Xobeh
  8585 | Temple   | Received a gift from Nemelex Xobeh
  8585 | Temple   | Reached ** piety under Nemelex Xobeh
  9144 | D:7      | Reached skill level 1 in Invocations
  9144 | D:7      | Reached XP level 10. HP: 64/64 MP: 10/10
  9385 | D:8      | Found a glowing golden altar of the Shining One.
  9456 | D:8      | Noticed a two-headed ogre
  9473 | D:8      | Killed a two-headed ogre
  9721 | D:8      | Received a gift from Nemelex Xobeh
  9923 | D:8      | Noticed a two-headed ogre
  9940 | D:8      | Killed a two-headed ogre
  9940 | D:8      | Reached skill level 14 in Unarmed Combat
  9945 | D:8      | Reached skill level 5 in Fighting
 10355 | D:8      | Noticed Prince Ribbit
 10363 | D:8      | Killed Prince Ribbit
 10401 | D:8      | Received a gift from Nemelex Xobeh
 10404 | D:8      | Noticed Maurice
 10924 | D:8      | Noticed a two-headed ogre
 10931 | D:8      | Killed a two-headed ogre
 10931 | D:8      | Reached XP level 11. HP: 55/74 MP: 14/14
 11033 | D:9      | Noticed a two-headed ogre
 11051 | D:9      | Killed a two-headed ogre
 11051 | D:9      | Reached skill level 5 in Invocations
 11180 | D:9      | Noticed Psyche
 11189 | D:9      | Killed Psyche
 11468 | D:9      | Reached *** piety under Nemelex Xobeh
 11513 | D:9      | Found an opulent altar of Gozag.
 11608 | D:9      | Received a gift from Nemelex Xobeh
 12218 | D:9      | Found a bloodstained altar of Trog.
 12477 | D:9      | Reached skill level 15 in Unarmed Combat
 12503 | D:9      | HP: 3/76 [poisoned by a killer bee]
 12510 | D:9      | HP: 3/76 [poisoned by a killer bee]
 12518 | D:9      | HP: 2/76 [poisoned by a killer bee]
 12967 | D:10     | Entered Level 10 of the Dungeon
 13195 | D:10     | Received a gift from Nemelex Xobeh
 13776 | D:10     | HP: 1/76 [centaur/wand of lightning (?/15) (17)]
 13777 | D:10     | Slain by a centaur

Skill      XL: |  1  2  3  4  5  6  7  8  9 10 11 |
---------------+----------------------------------+-----
Unarmed Combat | 4 5 7 9 11 13 14 15 | 15.1
Invocations    | 1 4 6 |  6.0
Fighting       | 5 6 |  6.8
Dodging        | |  3.0
Stealth        | |  2.6

Action                   |  1- 3 |  4- 6 |  7- 9 | 10-12 || total
-------------------------+-------+-------+-------+-------++-------
Melee: Unarmed           |    70 |   101 |   248 |   257 ||   676
       Constrict         |    21 |    28 |    46 |    47 ||   142
       Tentacles         |    19 |    22 |    50 |    49 ||   140
       Punch             |     2 |     1 |    18 |    22 ||    43
 Abil: Evoke Berserk Rag |       |       |     4 |     4 ||     8
Evoke: Deck              |       |       |       |    13 ||    13
  Use: Scroll            |       |       |    11 |     8 ||    19
       Potion            |       |       |     4 |     4 ||     8
 Stab: Sleeping          |    11 |    14 |    11 |     7 ||    43
       Distracted        |       |     2 |     2 |     1 ||     5
  Eat: Chunk             |     1 |     1 |    14 |     6 ||    22
       Fruit             |       |     4 |       |     3 ||     7
       Royal jelly       |       |     1 |     1 |     2 ||     4
       Meat ration       |       |       |     1 |     2 ||     3
       Bread ration      |       |       |     2 |       ||     2
Armor: Skin              |     5 |     4 |    25 |    35 ||    69
Dodge: Dodged            |    49 |    46 |   116 |   183 ||   394
Block: Other             |       |       |     2 |       ||     2
